 Dungeon Crawl Stone Soup version 0.21-a0-401-g0b6bec4 (webtiles) character file.

2273 slep the Skirmisher (level 9, -4/69 HPs)
             Began as a Demonspawn Wanderer on Oct 21, 2017.
             Was an Initiate of Okawaru.
             Slain by an orc warrior
             ... wielding a +0 war axe
              (19 damage)
             ... on level 7 of the Dungeon on Oct 22, 2017.
             The game lasted 01:08:20 (7034 turns).

slep the Skirmisher (Demonspawn Wanderer)           Turns: 7034, Time: 01:08:21

Health: -4/69      AC:  9    Str: 13    XL:     9   Next: 16%
Magic:  0/14       EV: 11    Int: 13    God:    Okawaru [......]
Gold:   406        SH:  9    Dex: 18    Spells: 15/15 levels left

rFire    . . .     SeeInvis +   I - +1 long sword
rCold    . . .     Gourm    .   O - +0 shield
rNeg     + . .     Faith    .   H - +0 ring mail (curse)
rPois    .         Spirit   +   (helmet restricted)
rElec    .         Reflect  .   B - +0 cloak
rCorr    .         Harm     .   G - +0 pair of gloves
MR       .....                  (boots unavailable)
Stlth    ++........             n - amulet of guardian spirit
HPRegen  0.21/turn              g - ring of positive energy
MPRegen  0.14/turn              k - +1 ring of protection

@: drained
A: hooves 3, horns 2, thin skeletal structure 1, see invisible, demonic guardian
1, sense surroundings 1, rot immunity
a: Renounce Religion


You were on level 7 of the Dungeon.
You worshipped Okawaru.
Okawaru was noncommittal.
You were hungry.

You visited 2 branches of the dungeon, and saw 8 of its levels.

You collected 406 gold pieces.

Inventory:

Hand Weapons
 d - a +2 antimagic spear
 I - a +1 long sword (weapon)
 N - a +0 hand axe of chopping
Missiles
 u - 8 javelins of returning (quivered)
 C - 62 arrows
Armour
 x - a +0 helmet
 B - a +0 cloak (worn)
 G - a +0 pair of gloves (worn)
 H - a cursed +0 ring mail (worn)
 O - a +0 shield (worn)
Jewellery
 g - a ring of positive energy (left hand)
 k - a +1 ring of protection (right hand)
 n - an amulet of guardian spirit (around neck)
 t - a +1 ring of evasion
Wands
 c - a wand of random effects (15/48)
 s - a wand of confusion (15/48)
 y - a wand of flame (21/48)
 J - a wand of confusion (28/48)
Scrolls
 e - a scroll of acquirement {unknown}
 h - a scroll of random uselessness {unknown}
 l - 11 scrolls of identify
 m - 3 scrolls of fear {unknown}
 o - 4 scrolls of blinking
 p - 3 scrolls of teleportation {unknown}
 r - 2 scrolls of magic mapping
 v - 2 scrolls of enchant weapon
 w - 2 scrolls of remove curse
 M - a scroll of fog {unknown}
Potions
 z - a potion of curing
 D - 3 potions of heal wounds
 E - a potion of experience
 K - 2 potions of haste
Books
 a - a book of Changes

   Spells                             Type                      Level
   a - Beastly Appendage              Transmutation                1
   b - Sticks to Snakes               Transmutation                2
   c - Spider Form                    Transmutation/Poison         3
   d - Ice Form                       Ice/Transmutation            4
   e - Blade Hands                    Transmutation                5
 b - Wyfeam's Grimoire of Battle Magic

   Spells                             Type                      Level
   a - Throw Flame                    Conjuration/Fire             2
   b - Searing Ray                    Conjuration                  2
Comestibles
 f - 2 bread rations
 j - a fruit


   Skills:
 + Level 5.6(5.2) Fighting
   Level 2.5(3.2) Short Blades
 + Level 3.8 Long Blades
 + Level 0.2(0.0) Axes
 + Level 4.0(3.6) Throwing
 + Level 5.0(4.6) Armour
 + Level 4.5(4.1) Dodging
 + Level 4.4(4.0) Stealth
 + Level 4.8(4.5) Shields
 + Level 3.9(3.5) Spellcasting
   Level 2.6(2.3) Transmutations
   Level 2.0(1.6) Poison Magic
 + Level 4.1(3.7) Evocations


You had 15 spell levels left.
You didn't know any spells.

Dungeon Overview and Level Annotations

Branches:
Dungeon (7/15)             Temple (1/1) D:6

Altars:
Ashenzari
Cheibriados
Dithmenos
Fedhas
Hepliaklqana
Kikubaaqudgha
Makhleb
Nemelex Xobeh
Okawaru
Qazlal
Ru
Sif Muna
Trog
Vehumet
Wu Jian
Xom
Yredelemnul
Zin
The Shining One

Annotations:
D:7 Frank2368's ghost, novice OpTm


Innate Abilities, Weirdness & Mutations

You have hooves in place of feet.
You have a somewhat thin skeletal structure. (Dex +2, Stealth)
A weak demonic guardian rushes to your aid.
You are immune to rotting.
You have a pair of horns on your head.
You have supernaturally acute eyesight. (SInv)
You passively map a small area around you.


Message History

Your kick misses the orc warrior. You block the orc warrior's attack.
You block the orc's attack.
The wight hits you from afar with a trident of freezing!
* * * LOW HITPOINT WARNING * * *
You partially resist.
You feel drained. The wight freezes you.
* * * LOW HITPOINT WARNING * * *
As you read the scroll labeled SUYH PEHALUOM, it crumbles to dust.
It is a scroll of identify.
o - 4 scrolls of blinking The wight hits you from afar with a trident of freezing.
You partially resist.
You feel drained. The wight freezes you.
* * * LOW HITPOINT WARNING * * *
You block the orc warrior's attack. The orc hits you but does no damage.
An orc comes into view.
As you read the scroll labeled VEIWIR PEKHAKH, it crumbles to dust.
It is a scroll of enchant weapon.
Your +0 long sword glows red for a moment.
You block the orc's attack. You block the wight's attack.
The orc warrior hits you with a war axe!!
You die...

* , * #.#.#.# ... * .##
* * #...#.# #..#*#. ,
..o########..#.# #..#
#.
...ZZ....zW....###..#
*.
#..o####zr###.#....###,
#oo###nzz..........##
#.Zooz##............
###oo###............
#@## #...........< ###
#............
#............
#............
#............
#............
#.......##.##
####..###...#
##.##.(...


You could see an orc warrior (inner flame), a necrophage (inner flame), 5
wights, an orc priest (inner flame), an orc wizard (inner flame), Frank2368's
ghost (inner flame), 4 orcs, a wyvern zombie, a goblin zombie (inner flame), a
quokka (inner flame) and a quokka skeleton.

Vanquished Creatures
  Menkaure (D:5)
  2 sky beasts
  2 ogres
  A phantom (D:6)
  2 centaurs
  2 bullfrogs (D:6)
  2 howler monkeys (D:6)
  A crimson imp (D:7)
  A quasit (D:7)
  A hound (D:7)
  An orc priest (D:4)
  A jelly (D:6)
  Crazy Yiuf (D:2)
  A bullfrog skeleton (D:7)
  5 gnoll shamans (D:6)
  An iguana (D:4)
  2 orc wizards
  7 worker ants
  35 gnolls
  7 adders
  An adder zombie (D:5)
  2 worms
  A dart slug (D:2)
  3 leopard geckos
  11 orcs
  6 giant cockroaches
  15 goblins
  10 hobgoblins
  18 jackals
  6 kobolds
  2 quokkas
  5 ball pythons
  8 bats
  3 frilled lizards
  10 rats
177 creatures vanquished.

Vanquished Creatures (collateral kills)
  An ogre (D:5)
  A gnoll sergeant (D:6)
  An orc wizard (D:7)
  An orc (D:3)
  A quokka (D:7)
5 creatures vanquished.

Grand Total: 182 creatures vanquished

Notes
Turn   | Place    | Note
-------+----------+-------------------------------------------
     0 | D:1      | slep the Demonspawn Wanderer began the quest for the Orb.
     0 | D:1      | slep set off with: a book of Changes, Wyfeam's Grimoire of Battle Magic, a wand of random effects (15/48), a +0 robe, a +0 club, a bread ration
     0 | D:1      | Reached XP level 1. HP: 16/16 MP: 1/1
     2 | D:1      | Noticed a vampire
     2 | D:1      | Noticed a draconian
     4 | D:1      | Noticed a demonspawn
     4 | D:1      | Noticed a dwarf
     6 | D:1      | Noticed a vine stalker
     6 | D:1      | Noticed a demigod
     8 | D:1      | Noticed a spriggan
    10 | D:1      | Noticed a ghoul
    10 | D:1      | Noticed an octopode
    12 | D:1      | Noticed a naga
    16 | D:1      | Noticed a felid
    16 | D:1      | Noticed a gargoyle
    18 | D:1      | Noticed a minotaur
    18 | D:1      | Noticed a human
    20 | D:1      | Noticed a centaur
    20 | D:1      | Noticed a tengu
    22 | D:1      | Noticed a troll
    22 | D:1      | Noticed a halfling
    24 | D:1      | Noticed an elf
    24 | D:1      | Noticed an ogre
    26 | D:1      | Noticed a formicid
    26 | D:1      | Noticed a merfolk
   588 | D:1      | Gained mutation: You have large cloven feet. [demonic ancestry]
   588 | D:1      | Reached XP level 2. HP: 23/23 MP: 2/2
  1163 | D:2      | Gained mutation: You have hoof-like feet. [demonic ancestry]
  1163 | D:2      | Reached XP level 3. HP: 21/28 MP: 3/3
  1237 | D:2      | Found a blossoming altar of Fedhas.
  1444 | D:2      | Reached skill level 1 in Short Blades
  1444 | D:2      | Reached skill level 1 in Armour
  1491 | D:2      | Reached XP level 4. HP: 26/35 MP: 2/4
  1706 | D:2      | Found a runed door.
  1710 | D:2      | Noticed Crazy Yiuf
  1715 | D:2      | Killed Crazy Yiuf
  1814 | D:3      | Reached skill level 1 in Dodging
  1928 | D:3      | Found a glowing golden altar of the Shining One.
  2006 | D:3      | Gained mutation: A weak demonic guardian rushes to your aid. [demonic ancestry]
  2006 | D:3      | Reached XP level 5. HP: 40/41 MP: 5/5
  2045 | D:3      | Reached skill level 5 in Fighting
  2045 | D:3      | Gained mutation: You are immune to rotting. [demonic ancestry]
  2045 | D:3      | Reached XP level 6. HP: 51/51 MP: 5/11
  2431 | D:3      | Found a radiant altar of Vehumet.
  2432 | D:3      | Found a hazy altar of Hepliaklqana.
  2606 | D:4      | Found a sacrificial altar of Ru.
  3267 | D:4      | Reached XP level 7. HP: 56/56 MP: 12/12
  3534 | D:5      | Entered Level 5 of the Dungeon
  3565 | D:5      | Reached skill level 1 in Long Blades
  4251 | D:5      | Noticed Menkaure
  4260 | D:5      | Killed Menkaure
  4260 | D:5      | Gained mutation: You have hooves in place of feet. [demonic ancestry]
  4260 | D:5      | Reached XP level 8. HP: 29/63 MP: 6/13
  6094 | D:6      | Gained mutation: You have a somewhat thin skeletal structure. (Dex +2, Stealth) [demonic ancestry]
  6094 | D:6      | Reached XP level 9. HP: 66/68 MP: 14/14
  6160 | D:6      | Gained mutation: You have a pair of small horns on your head. [mutagenic meat]
  6161 | D:6      | Gained mutation: You have supernaturally acute eyesight. (SInv) [mutagenic meat]
  6162 | D:6      | Gained mutation: You have a pair of horns on your head. [mutagenic meat]
  6163 | D:6      | Gained mutation: You passively map a small area around you. [mutagenic meat]
  6165 | D:6      | Found a staircase to the Ecumenical Temple.
  6169 | D:6      | Found a faded altar of an unknown god.
  6200 | Temple   | Entered the Ecumenical Temple
  6332 | Temple   | Became a worshipper of Warmaster Okawaru
  6352 | D:6      | Fell from the grace of Okawaru
  6352 | D:6      | Became a worshipper of Makhleb the Destroyer
  6352 | D:6      | Reached * piety under Makhleb
  6373 | Temple   | Fell from the grace of Makhleb
  6373 | Temple   | Became a worshipper of Warmaster Okawaru
  6660 | D:6      | Reached skill level 5 in Armour
  6945 | D:7      | Found a shimmering altar of Xom.
  7017 | D:7      | Noticed Frank2368's ghost (novice OpTm)
  7034 | D:7      | Slain by an orc warrior

Vault maps used:
D:1:      kb_arrival_jail
D:2:      lemuel_crystal_altar, uniq_crazy_yiuf_cottage
D:3:      nicolae_overflow_crystal_walls, gammafunk_temple_overflow_statue
D:4:      nicolae_ru_great_annihilating_truth, first_bread
D:5:      kennysheep_another_room, uniq_menkaure
D:6:      lemuel_castle_with_subvaults, nicolae_temple_entry_ecumenical,
          minivault_5
D:7:      lemuel_crystal_altar, lemuel_round_altar, grunt_livestock,
          nicolae_tso_besieged_by_evil
Temple:   cyrus_circular_temple

Skill      XL: |  1  2  3  4  5  6  7  8  9 |
---------------+----------------------------+-----
Fighting       | 3 5 |  5.6
Short Blades   | 1 2 |  2.5
Armour         | 1 4 5 |  5.0
Dodging        | 1 3 4 |  4.5
Throwing       | 3 4 |  4.0
Stealth        | 4 |  4.4
Shields        | 3 4 |  4.8
Spellcasting   | 3 |  3.9
Evocations     | 4 |  4.1
Long Blades    | 2 3 |  3.8
Axes           | |  0.2
Transmutations | |  2.6
Poison Magic   | |  2.0

Action                   |  1- 3 |  4- 6 |  7- 9 || total
-------------------------+-------+-------+-------++-------
Melee: Short sword       |   132 |    98 |       ||   230
       Club              |     4 |       |       ||     4
       Kick              |    14 |    41 |   120 ||   175
       Long sword        |       |    47 |   290 ||   337
       Hand axe          |       |       |    50 ||    50
       Headbutt          |       |       |     7 ||     7
Throw: Javelin           |     5 |    16 |    11 ||    32
Evoke: Wand              |       |       |     1 ||     1
  Use: Potion            |     2 |     3 |     2 ||     7
       Scroll            |       |       |     6 ||     6
 Stab: Paralysed         |       |     3 |       ||     3
       Sleeping          |       |     2 |       ||     2
       Distracted        |       |       |     2 ||     2
  Eat: Chunk             |     2 |     5 |    15 ||    22
       Fruit             |       |       |     2 ||     2
Armor: Scale mail        |    53 |     5 |       ||    58
       Robe              |     2 |       |       ||     2
       Ring mail         |       |    44 |   129 ||   173
Dodge: Dodged            |    63 |    87 |   194 ||   344
Block: Buckler           |       |    19 |    23 ||    42
       Shield            |       |       |   199 ||   199
       Rpst.: Long sword |       |    10 |    50 ||    60

Table legend:
 A = Spawn XP
 B = Non-spawn XP
 C = Spawn XP percentage of total XP
 D = Spawn monster count
 E = Non-spawn monster count
 F = Spawn count percentage of total count
 G = Total turns spent on level
                    A         B        C        D         E        F      G
               +---------+---------+-------+---------+---------+-------+---------
         Total |       0 |    3064 |   0.0 |       0 |     182 |   0.0 |  7034
               +---------+---------+-------+---------+---------+-------+---------
           D:1 |       0 |      27 |   0.0 |       0 |      18 |   0.0 |  1084
           D:2 |       0 |     126 |   0.0 |       0 |      29 |   0.0 |   716
           D:3 |       0 |     201 |   0.0 |       0 |      30 |   0.0 |   670
           D:4 |       0 |     393 |   0.0 |       0 |      22 |   0.0 |  1325
           D:5 |       0 |     571 |   0.0 |       0 |      10 |   0.0 |   982
           D:6 |       0 |    1446 |   0.0 |       0 |      63 |   0.0 |  1969
           D:7 |       0 |     300 |   0.0 |       0 |      10 |   0.0 |   123
               +---------+---------+-------+---------+---------+-------+---------
